 Dungeon Crawl Stone Soup version 0.20.1-1-g8b1a95d (webtiles) character file.

221 arttle the Digger (level 5, -6/28 HPs)
             Began as a Gargoyle Earth Elementalist on Oct 24, 2017.
             Mangled by an ogre
             ... wielding a +0 giant spiked club
              (15 damage)
             ... on level 4 of the Dungeon.
             The game lasted 00:12:30 (2709 turns).

arttle the Digger (Gargoyle Earth Elementalist)     Turns: 2709, Time: 00:12:31

Health: -6/28      AC: 10    Str: 11    XL:     5   Next: 98%
Magic:  8/9        EV: 10    Int: 17    God:
Gold:   124        SH:  0    Dex: 10    Spells: 6/10 levels left

rFire    . . .     SeeInvis .   a - +0 hand axe
rCold    . . .     Gourm    .   (no shield)
rNeg     + . .     Faith    .   n - +1 ring mail {MR+}
rPois    ∞         Spirit   .   (no helmet)
rElec    +         Reflect  .   (no cloak)
rCorr    .         Harm     .   (no gloves)
MR       +....                  (no boots)
Stlth    +.........             (no amulet)
Regen    0.1/turn               (no ring)
MPRegen  0.2/turn               (no ring)

@: no status effects
A: negative energy resistance 1, electricity resistance, unbreathing,
petrification resistance, rot immunity, AC +4
a: no special abilities


You were on level 4 of the Dungeon.
You were not hungry.

You visited 1 branch of the dungeon, and saw 4 of its levels.

You collected 124 gold pieces.

Inventory:

Hand Weapons
 a - a +0 hand axe (weapon)
Missiles
 b - 125 stones (quivered)
Armour
 c - a +0 robe
 j - a +0 buckler
 n - a +1 ring mail of magic resistance (worn)
Jewellery
 i - an uncursed ring of positive energy {unknown}
Scrolls
 f - 2 scrolls of teleportation {unknown}
 h - a scroll of enchant weapon {unknown}
 l - 2 scrolls of remove curse {unknown}
 o - a scroll of identify {unknown}
Potions
 m - 2 potions of flight {unknown}
Books
 e - a book of Geomancy

   Spells                             Type                      Level
   a - Sandblast                      Earth                        1
   b - Passwall                       Transmutation/Earth          2
   c - Stone Arrow                    Conjuration/Earth            3
   d - Petrify                        Transmutation/Earth          4
   e - Lee's Rapid Deconstruction     Earth                        5
Comestibles
 d - 3 bread rations
 g - 2 chunks of flesh
 k - a meat ration
 p - a fruit


   Skills:
 - Level 1.5 Dodging
 - Level 2.1 Stealth
 + Level 3.1 Spellcasting
   Level 0.7 Transmutations
 - Level 7.0 Earth Magic


You had 6 spell levels left.
You knew the following spells:

 Your Spells              Type           Power        Failure   Level  Hunger
a - Sandblast             Erth           ####..       2%          1    None
z - Stone Arrow           Conj/Erth      ##....       30%         3    ###....


Dungeon Overview and Level Annotations

Branches:
Dungeon (4/15)
 Temple: D:4-7

Altars:
Dithmenos
Fedhas


Innate Abilities, Weirdness & Mutations

You are resistant to torment.
Your stone body is resilient. (AC +4)
You are immune to poison.
You resist negative energy. (rN+)
You are resistant to electric shocks. (rElec)
You can survive without breathing.
You are immune to petrification.
You are immune to rotting.


Message History

You see here a quokka skeleton.
There is a stone staircase leading down here.
You start resting.
Some of the chunks of flesh in your inventory have rotted away.
Magic restored.
You climb downwards.
The ogre hits you with a giant spiked club!!
Ouch! That really hurt!
There is a stone staircase leading up here.
Casting: Sandblast
Confirm with . or Enter, or press ? or * to list all spells.
Aiming: Sandblast
Press: ? - help, Shift-Dir - straight line, f - ogre
Aim: an ogre, wielding a giant spiked club The blast of sand hits the ogre.
The ogre is heavily wounded.
b - 125 stones The ogre hits you with a giant spiked club!
Ouch! That really hurt!
You die...

............
...........###.
.[.............
...............
...............
#..............
#....O(......
#...@†......
###.........
##........
#......##
#.....##
#....## .....#
..#...


You could see an ogre.

Vanquished Creatures
  Purgy (D:3)
  A howler monkey (D:4)
  3 adders
  2 worms (D:3)
  3 leopard geckos
  An orc (D:3)
  5 giant cockroaches
  10 goblins
  A hobgoblin (D:1)
  2 quokkas (D:3)
  2 ball pythons
  7 bats
  6 frilled lizards
  5 kobolds
  6 rats
55 creatures vanquished.

Notes
Turn   | Place    | Note
-------+----------+-------------------------------------------
     0 | D:1      | arttle the Gargoyle Earth Elementalist began the quest for the Orb.
     0 | D:1      | Reached XP level 1. HP: 10/10 MP: 3/3
   429 | D:1      | Reached skill level 4 in Earth Magic
   612 | D:1      | Reached XP level 2. HP: 15/15 MP: 5/5
   839 | D:2      | Reached XP level 3. HP: 18/19 MP: 3/6
   843 | D:2      | Reached skill level 5 in Earth Magic
   951 | D:2      | Found a shadowy altar of Dithmenos.
  1223 | D:2      | Learned a level 3 spell: Stone Arrow
  1416 | D:3      | Noticed Purgy
  1493 | D:3      | Killed Purgy
  1493 | D:3      | Reached skill level 6 in Earth Magic
  1493 | D:3      | Reached XP level 4. HP: 22/24 MP: 1/7
  1493 | D:3      | Reached XP level 5. HP: 25/28 MP: 1/8
  1864 | D:3      | Reached skill level 7 in Earth Magic
  2265 | D:3      | Found a blossoming altar of Fedhas.
  2635 | D:4      | Noticed an ogre
  2709 | D:4      | Mangled by an ogre

Skill      XL: |  1  2  3  4  5 |
---------------+----------------+-----
Earth Magic    | 4 6 7 |  7.0
Spellcasting   | 3 |  3.1
Dodging        | |  1.5
Stealth        | |  2.1
Transmutations | |  0.7

Action                   |  1- 3 |  4- 6 || total
-------------------------+-------+-------++-------
Melee: Hand axe          |    82 |    69 ||   151
 Cast: Sandblast         |    14 |     6 ||    20
       Stone Arrow       |     1 |    11 ||    12
 Stab: Sleeping          |     4 |       ||     4
  Eat: Chunk             |     2 |     6 ||     8
Armor: Robe              |    44 |       ||    44
       Ring mail         |    18 |    35 ||    53
Dodge: Dodged            |    64 |    47 ||   111
